Map: Lerilak Crest

Players

puCK (Nina) - Winner!

  • Race: Protoss Protoss
  • League: Grandmaster

LiquidTLO (TLO)

  • Race: Zerg Zerg

Event: puCK vs TLO Bo9 (Matcherino)

VOD

Have the link to the VOD?

Description

Time

  • Played on: Nov. 17, 2015, 1:17 p.m.
  • Length: 7:28

All games in this series

Show
View Real Time Build Order
Export as new Build Order

puCK Protoss - Winner!

Build Orders: Nexus First 

Get SALT Encoding   

  12  0:01  Probe (Chrono Boost)  
  13  0:11  Probe (Chrono Boost)  
  14  0:19  Pylon  
  14  0:22  Probe (Chrono Boost)  
  15  0:37  Probe (Chrono Boost)  
  16  0:47  Probe (Chrono Boost)  
  17  0:59  Nexus  
  17  1:02  Probe (Chrono Boost)  
  18  1:12  Gateway  
  18  1:15  Probe (Chrono Boost)  
  19  1:20  Assimilator  
  19  1:26  Probe (Chrono Boost)  
  19  1:29  Assimilator  
  20  1:36  Probe (Chrono Boost)  
  20  1:38  Pylon  
  22  1:47  Probe (Chrono Boost)  
  22  1:57  Probe (Chrono Boost)  
  22  2:00  Cybernetics Core  
  23  2:08  Gateway  
  23  2:09  Probe (Chrono Boost)  
  24  2:17  Probe (Chrono Boost)  
  24  2:20  Probe (Chrono Boost)  
  26  2:28  Probe (Chrono Boost)  
  27  2:30  Probe (Chrono Boost)  
  27  2:36  Adept (Chrono Boost), Warp Gate  
  27  2:37  Mothership Core (Chrono Boost)  
  30  2:41  Probe  
  33  2:53  Probe  
  33  2:56  Probe, Robotics Facility  
  35  3:06  Probe, Pylon  
  35  3:07  Sentry (Chrono Boost)  
  35  3:08  Probe  
  39  3:18  Probe x2  
  41  3:29  Probe  
  41  3:30  Probe  
  43  3:35  Sentry (Chrono Boost)  
  43  3:41  Probe  
  46  3:42  Probe  
  46  3:43  Immortal (Chrono Boost)  
  46  3:47  Gateway  
  51  3:51  Gateway  
  51  3:53  Probe  
  52  3:56  Pylon  
  52  3:58  Probe  
  53  4:05  Probe  
  53  4:06  Gateway, Pylon  
  54  4:16  Gateway  
  53  4:21  Immortal (Chrono Boost)  
  56  4:24  Gateway  
  56  4:29  Gateway  
  56  4:35  Probe x2, Assimilator  
  58  4:44  Assimilator  
  58  4:45  Sentry x2  
  62  4:47  Probe  
  63  4:57  Warp Prism (Chrono Boost)  
  63  4:59  Probe  
  66  5:08  Pylon  
  66  5:09  Pylon x2  
  66  5:10  Adept x2, Pylon  
  70  5:28  Adept x3  
  74  5:30  Observer (Chrono Boost)  
  74  5:34  Adept  
  74  5:35  Adept  
  81  5:37  Adept  
  81  5:38  Adept x2  
  87  5:46  Adept  
  89  5:54  Adept  
  89  5:55  Adept x2  
  95  5:57  Adept x2  
  99  6:05  Pylon  
  99  6:06  Pylon  
  99  6:24  Adept x4  
  99  6:25  Sentry, Adept  
  109  6:30  Pylon  
  109  6:32  Pylon  
  109  6:35  Sentry x2  
  113  6:51  Probe  
  112  6:56  Adept x2  
  112  6:57  Adept x3  
  98  7:24  Adept x3  
  98  7:25  Adept  
  98  7:26  Adept  
Show
View Real Time Build Order
Export as new Build Order

LiquidTLO Zerg 

Build Orders: Hatch First 

Get SALT Encoding   

  12  0:01  Drone  
  13  0:13  Overlord  
  13  0:17  Drone  
  14  0:32  Drone x2  
  16  0:49  Hatchery  
  15  0:54  Drone  
  15  0:56  Drone  
  17  1:09  Spawning Pool  
  16  1:14  Drone  
  16  1:16  Drone  
  18  1:20  Drone  
  18  1:25  Extractor  
  18  1:29  Drone  
  19  1:40  Overlord  
  19  1:54  Drone  
  19  1:56  Queen  
  22  2:02  Queen  
  22  2:03  Zergling x2  
  22  2:05  Drone  
  26  2:13  Overlord  
  26  2:15  Drone  
  28  2:22  Drone  
  28  2:23  Drone  
  28  2:25  Metabolic Boost  
  29  2:34  Drone  
  29  2:35  Drone  
  31  2:45  Drone  
  32  2:52  Drone  
  32  2:53  Hatchery  
  32  2:59  Overlord  
  32  3:01  Drone  
  33  3:11  Zergling x10  
  38  3:13  Drone  
  38  3:15  Drone  
  38  3:18  Overlord  
  40  3:22  Zergling x2  
  40  3:24  Drone  
  42  3:29  Queen  
  42  3:32  Drone  
  44  3:35  Drone  
  44  3:38  Drone  
  44  3:40  Drone  
  44  3:41  Drone  
  48  3:42  Drone  
  48  3:47  Lair  
  49  3:52  Overlord, Extractor  
  49  3:53  Drone  
  49  3:56  Extractor  
  49  3:58  Drone, Extractor  
  49  3:59  Drone  
  49  4:02  Drone  
  50  4:03  Drone  
  50  4:05  Drone  
  50  4:08  Drone  
  50  4:09  Drone  
  54  4:13  Drone  
  54  4:15  Drone  
  54  4:16  Drone  
  57  4:17  Drone  
  57  4:20  Drone  
  59  4:26  Drone  
  59  4:27  Drone  
  59  4:29  Drone  
  62  4:33  Drone x2  
  63  4:39  Overlord  
  63  4:40  Overlord  
  63  4:42  Drone  
  63  4:43  Overlord  
  64  4:45  Hydralisk Den  
  64  4:46  Drone  
  64  4:48  Drone  
  64  4:50  Drone  
  64  4:52  Drone x2  
  68  4:53  Extractor  
  68  4:55  Drone  
  68  4:58  Evolution Chamber, Drone  
  68  5:00  Drone  
  68  5:02  Infestation Pit  
  68  5:04  Drone  
  68  5:05  Drone  
  68  5:06  Extractor  
  69  5:07  Drone  
  69  5:09  Drone  
  69  5:13  Drone  
  72  5:15  Drone x2  
  72  5:17  Drone  
  72  5:18  Drone  
  72  5:20  Drone  
  77  5:24  Hydralisk  
  77  5:26  Hydralisk  
  81  5:29  Hydralisk  
  81  5:32  Hydralisk  
  85  5:37  Infestor  
  85  5:38  Infestor  
  85  5:40  Hydralisk  
  85  5:42  Hydralisk  
  93  5:45  Hydralisk  
  93  5:47  Hydralisk  
  93  5:48  Hydralisk  
  98  5:53  Overlord  
  98  5:59  Overlord  
  98  6:01  Overlord  
  98  6:07  Spine Crawler  
  98  6:08  Spine Crawler  
  98  6:10  Hydralisk  
  98  6:12  Hydralisk x4  
  104  6:19  Hydralisk x2  
  104  6:20  Roach Warren  
  104  6:21  Hydralisk  
  104  6:23  Hydralisk  
  111  6:37  Spine Crawler x2  
  111  6:39  Zergling x4  
  110  6:40  Spine Crawler  
  110  6:45  Infestor x3  
  110  6:46  Infestor  
  94  7:00  Zergling x6  
  85  7:09  Zergling x2  

Tags
 
Add a new tag
Caveats
  • Supply blocks, unpowered buildings, or Contaminate may cause inaccurate times.
  • Supply counts are checked every 10 seconds.